 Dungeon Crawl Stone Soup version 0.31-a0-180-g519b7de00c (webtiles) character file.

Game seed: 11597016468012273852

11 qw the Shield-Bearer (level 2, 0/19 HPs)
             Began as a Gargoyle Fighter on June 19, 2023.
             Slain by Terence
             ... wielding a +0 hand axe
              (7 damage)
             ... on level 2 of the Dungeon.
             The game lasted 00:00:11 (726 turns).

qw the Shield-Bearer (Gargoyle Fighter)              Turns: 726, Time: 00:00:12

Health: 0/19       AC:  9    Str: 19    XL:     2   Next: 29%
Magic:  2/2        EV:  9    Int:  8    God:
Gold:   51         SH:  4    Dex:  9    Spells: 1/1 levels left

rFire   . . .        Y - +0 war axe
rCold   . . .        c - +0 buckler
rNeg    + . .        b - +0 scale mail
rPois   inf          (no helmet)
rElec   +            (no cloak)
rCorr   .            (no gloves)
SInv    .            (no boots)
Will    .....        (no amulet) Stlth
                     (no ring)
HPRegen 0.23/turn    (no ring)
MPRegen 0.08/turn

%: no passive effects
@: no status effects
A: sickness immunity, AC +2, negative energy resistance 1, electricity
resistance, torment resistance 1, petrification resistance
a: no special abilities


You were on level 2 of the Dungeon.
You visited 1 branch of the dungeon, and saw 2 of its levels.

You collected 51 gold pieces.


Innate Abilities, Weirdness & Mutations

You are immune to sickness and miasma.
Your stone body is resilient. (AC +2)
You are immune to poison.
You resist negative energy. (rN+)
You are resistant to electric shocks. (rElec)
You are resistant to unholy torment.
You are immune to petrification.


   Skills:
 - Level 3.2 Fighting
 + Level 2.6 Axes
 - Level 3.2 Armour
 - Level 3.2 Shields


You had one spell level left.
You didn't know any spells.
Your spell library was empty.

Inventory:

Hand Weapons
 h - a +0 club
 Y - a +0 war axe (weapon)
Missiles
 l - 5 silver boomerangs (quivered)
Armour
 b - a +0 scale mail (worn)
 c - a +0 buckler (worn)
Potions
 d - a potion of might
 f - a potion of degeneration {unknown}
 g - a potion of curing
 i - a potion of attraction {unknown}
 j - a potion of brilliance {unknown}
 k - a potion of enlightenment {unknown}

Dungeon Overview and Level Annotations

Branches:
Dungeon (2/15)

Altars:

Annotations:
D:2 Terence


Message History

You feel your willpower return.
There is a stone staircase leading down here.
You climb downwards.
There is a stone staircase leading up here.
Waypoint 1 assigned to D:2.
Found a scroll of vulnerability.
A hobgoblin comes into view.
The hobgoblin shouts!
You hear a shout!
You throw a silver boomerang.
The silver boomerang barely misses the hobgoblin.
You hit the hobgoblin.
You kill the hobgoblin!
A quokka comes into view.
Things that are here:
a potion of might; a hobgoblin corpse
717 ||| Stepping ~*~*~tactically~*~*~ (stealth).
Things that are here:
a potion of might; a hobgoblin corpse You throw a silver boomerang.
The silver boomerang barely misses the quokka.
The quokka bites you.
Terence the Incautious comes into view.
He is wielding a +0 hand axe.
You barely miss the quokka.
Terence shouts!
The quokka barely misses you. You block the quokka's attack.
You miss the quokka.
The quokka bites you but does no damage.
The quokka bites you.
You barely miss the quokka.
The quokka bites you but does no damage.
You slash the quokka!
You kill the quokka!
You hit Terence but do no damage. Terence barely misses you.
Terence hits you with a +0 hand axe.
You closely miss Terence. Terence hits you with a +0 hand axe.
You hit Terence.
Terence is lightly wounded.
Terence hits you with a +0 hand axe!
You die...

### ... # #.#
#.###@# ###
.#...@###..
#...###..#.#
..........######
#?..#..........#
##.#.......###.#
#.........#
#.#.......###.#
##.............#
#................#


You could see Terence.

Vanquished Creatures
  A goblin (D:1)
  3 hobgoblins
  2 kobolds (D:1)
  A quokka (D:2)
  2 ball pythons (D:1)
  A rat (D:1)
10 creatures vanquished.

Notes
Turn   | Place    | Note
-------+----------+-------------------------------------------
     0 | D:1      | qw the Gargoyle Fighter began the quest for the Orb.
     0 | D:1      | Reached XP level 1. HP: 14/14 MP: 1/1
     0 | D:1      | 0 ||| qw: Version: 0.3-a-7-ge0c9b40
     0 | D:1      | 0 ||| qw: Game counter: 997
     0 | D:1      | 0 ||| qw: Always use a shield: true
     0 | D:1      | 0 ||| qw: God list: Okawaru
     0 | D:1      | 0 ||| qw: Allow faded altars: false
     0 | D:1      | 0 ||| qw: Do Orc after D:15 true
     0 | D:1      | 0 ||| qw: Do second Lair branch before Depths: true
     0 | D:1      | 0 ||| qw: Lair rune preference: random
     0 | D:1      | 0 ||| qw: Plans: Normal, Zot:1-4, Slime:5, God:TSO, Crypt,
                  | Tomb, Abyss, Pan, Hells, Win
     0 | D:1      | 0 ||| PLANNING D:1-11
   202 | D:1      | Found a faded altar of an unknown god.
   317 | D:1      | Reached XP level 2. HP: 19/19 MP: 2/2
   644 | D:1      | 644 ||| READING 2 scrolls labelled ETEKLI FIOSHEZ.
   645 | D:1      | 645 ||| DRINKING 2 bubbling ruby potions.
   646 | D:1      | 646 ||| DROPPING scroll of vulnerability.
   717 | D:2      | 717 ||| Stepping ~*~*~tactically~*~*~ (stealth).
   719 | D:2      | Noticed Terence
   726 | D:2      | Slain by Terence

Levels and vault maps discovered:
D:1:      nagdon_arrival_zigzag_paths, layout_basic,
          ebering_ecumenical_altar_mist
D:2:      minmay_diamond_boxcup, layout_loops_ring, serial_shops, shop,
          uniq_terence, uniq_robin

Skill      XL: |  1 |
---------------+----+-----
Axes           | 2 |  2.6
Fighting       | |  3.2
Armour         | |  3.2
Shields        | |  3.2

Action                     || total
---------------------------++-------
  Melee: War axe           ||    22
  Throw: Boomerang         ||     2
    Use: Scroll            ||     1
         Potion            ||     1
 Armour: Scale mail        ||     6
  Dodge: Dodged            ||     6
  Block: Buckler           ||     1

Table legend:
 A = Non-vault XP
 B = Vault XP
 C = Vault XP percentage of total XP
 D = Non-vault monster count
 E = Vault monster count
 F = Vault count percentage of total count
                 A         B        C        D         E       F
            +---------+---------+-------+---------+---------+-------
      Total |      17 |       0 |   0.0 |      10 |       0 |   0.0
            +---------+---------+-------+---------+---------+-------
        D:1 |      13 |       0 |   0.0 |       8 |       0 |   0.0
        D:2 |       4 |       0 |   0.0 |       2 |       0 |   0.0
            +---------+---------+-------+---------+---------+-------
